 Dungeon Crawl Stone Soup version 0.28-a0-537-g3bccd9ccbf (webtiles) character file.

Game seed: 10963430417742614442

81 flotson the Sneak (level 4, 0/36 HPs)
             Began as a Demonspawn Delver on Sept 28, 2021.
             Slain by Terence (7 damage)
             ... on level 1 of the Dungeon.
             The game lasted 00:05:20 (2333 turns).

flotson the Sneak (Demonspawn Delver)               Turns: 2333, Time: 00:05:20

Health: 0/36       AC:  5    Str: 13    XL:     4   Next: 19%
Magic:  4/4        EV: 11    Int: 12    God:
Gold:   82         SH:  0    Dex: 14    Spells: 3/3 levels left

rFire   . . .      SeeInvis .   a - +0 hand axe
rCold   . . .      Faith    .   (no shield)
rNeg    . . .      Spirit   .   f - +0 ring mail
rPois   .          Reflect  .   (no helmet)
rElec   .          Harm     .   (no cloak)
rCorr   .          Rampage  .   (no gloves)
Will    .....                   (no boots)
Stlth   ++........              (no amulet)
HPRegen 0.12/turn               (no ring)
MPRegen 0.09/turn               (no ring)

@: no status effects
A: demonic magic 2
a: no special abilities


You were on level 1 of the Dungeon.
You visited 1 branch of the dungeon, and saw 5 of its levels.

You collected 82 gold pieces.

Inventory:

Hand Weapons
 a - a +0 hand axe (weapon)
 b - a +0 hand crossbow
Armour
 f - a +0 ring mail (worn)
Jewellery
 i - an amulet of reflection
Wands
 g - a wand of digging (3)
Scrolls
 c - a scroll of fog
 d - 2 scrolls of magic mapping
 h - a scroll of enchant armour {unknown}
 k - a scroll of immolation {unknown}
 m - 2 scrolls of identify {unknown}
 n - 2 scrolls of teleportation {unknown}
Potions
 j - a potion of resistance


   Skills:
 + Level 3.6 Fighting
 + Level 2.5 Axes
 + Level 1.5 Armour
 + Level 2.5 Dodging
 - Level 4.5 Stealth


You had 3 spell levels left.
You didn't know any spells.
Your spell library contained the following spells:

 Spells                   Type           Power      Damage    Failure   Level
 Magic Dart               Conj           0%         1d3       56%         1
 Searing Ray              Conj           0%         2d4       71%         2
 Fulminant Prism          Conj/Hex       0%         3d6       100%        4


Dungeon Overview and Level Annotations

Branches:
Dungeon (5/15)
 Temple: D:4-7

Altars:
Beogh

Annotations:
D:1 Terence


Innate Abilities, Weirdness & Mutations

Spells you cast may paralyse nearby enemies.


Message History

The hobgoblin hits you but does no damage.
You hit the hobgoblin.
You kill the hobgoblin!
You hit Terence but do no damage.
Terence is lightly wounded.
Terence hits you with a +0 flail.
You hit Terence but do no damage.
Terence is lightly wounded.
Terence barely misses you.
You closely miss Terence.
Terence is lightly wounded.
Terence shouts, "ATTACK!!!"
Terence barely misses you.
You closely miss Terence.
Terence is lightly wounded.
Terence barely misses you. Terence hits you but does no damage.
You barely miss Terence.
Terence is lightly wounded.
Terence hits you with a +0 flail.
* * * LOW HITPOINT WARNING * * *
A hobgoblin comes into view.
The helpless hobgoblin fails to defend itself.
You hit the hobgoblin.
The hobgoblin is almost dead.
You closely miss Terence. The hobgoblin barely misses you.
Terence closely misses you.
You hit the hobgoblin.
You kill the hobgoblin!
You hit Terence. Terence hits you with a +0 flail!
* * * LOW HITPOINT WARNING * * *
Terence shouts, "Now you die!"
Okay, then.
Terence says, "Time to say good-bye..."
There is a stone staircase leading up here.
Terence hits you but does no damage.
You climb upwards.
There is a stone staircase leading down here.
Terence barely misses you. Terence hits you with a +0 flail!
You die...

### #.# #.# #
#########.###.# #
#........>.##.#
#.#######..##.# #.#
#..##.# ###.#
#..##.# .##.#
###..##.## .##.#
#......@.# .##.#
#..#.###@## .##.#
##.#.###..##
.##.######.#...⌠...#
.##.[..............#
.########..##.....##
.#
#......##.......##
##
#.######.........##
#.# #...........#
#(#
###....#§#§...###


You could see Terence.

Vanquished Creatures
  Natasha (D:2)
  3 adders
  4 bats
  A giant cockroach (D:1)
  5 goblins (D:1)
  3 hobgoblins
  2 quokkas (D:1)
  A ball python (D:2)
  2 frilled lizards
  2 kobolds (D:1)
  6 rats
30 creatures vanquished.

Notes
Turn   | Place    | Note
-------+----------+-------------------------------------------
     0 | D:5      | flotson the Demonspawn Delver began the quest for the Orb.
     0 | D:5      | Reached XP level 1. HP: 18/18 MP: 1/1
    79 | D:5      | Noticed a phantom
   218 | D:5      | Gained mutation: Spells you cast may paralyse adjacent
                  | enemies. [demonic ancestry]
   218 | D:5      | Reached XP level 2. HP: 19/24 MP: 2/2
   309 | D:3      | Noticed a necrophage
   619 | D:1      | Found a faded altar of an unknown god.
   995 | D:1      | Reached skill level 1 in Armour
  1144 | D:1      | Reached XP level 3. HP: 26/29 MP: 3/3
  1703 | D:2      | Noticed Natasha
  1998 | D:2      | Killed Natasha
  1999 | D:2      | Gained mutation: Spells you cast may paralyse nearby
                  | enemies. [demonic ancestry]
  1999 | D:2      | Reached XP level 4. HP: 7/36 MP: 4/4
  2260 | D:2      | Noticed Terence
  2291 | D:2      | HP: 1/36 [Terence (9)]
  2333 | D:1      | Slain by Terence

Illustrated notes

Levels and vault maps discovered:
D:1:      dpeg_arrival_lava_altar, layout_loops_ring,
          hellmonk_ecumenical_altar_defaced_shrine
D:2:      layout_rooms, minmay_door_square, wad_floor_pattern_1, uniq_natasha,
          uniq_terence
D:3:      layout_loops_corners
D:4:      layout_gridville, nicolae_tso_besieged_by_evil,
          nicolae_vehumet_altar_sigil, minmay_temple_entry_sparse_star,
          kennysheep_cross_bottleneck, st_stairs_1, minmay_fire_ice_demons,
          uniq_duvessa, uniq_grinder
D:5:      layout_cave_pods, grunt_dithmenos_shadows

Skill      XL: |  1  2 |
---------------+-------+-----
Axes           | 2 |  2.5
Dodging        | 2 |  2.5
Armour         | 1 |  1.5
Fighting       | |  3.6
Stealth        | |  4.5

Action                   |  1- 3 |  4- 6 || total
-------------------------+-------+-------++-------
Melee: Hand axe          |   102 |    13 ||   115
  Use: Potion            |     2 |       ||     2
       Scroll            |     1 |       ||     1
 Stab: Sleeping          |     7 |     1 ||     8
Armor: Leather armour    |     5 |       ||     5
       Ring mail         |    33 |     4 ||    37
Dodge: Dodged            |    53 |    11 ||    64

Table legend: (Time is in decaauts)
 A = Elapsed time spent in this place.
 B = Non-inter-level travel time spent in this place.
 C = Inter-level travel time spent in this place.
 D = Time resting spent in this place.
 E = Time spent auto-exploring this place.
 F = Levels seen in this place.
 G = Mean time per level.
                   A        B        C        D        E       F      G
               +--------+--------+--------+--------+--------+-----+--------+
         Total |   2362 |   2336 |     26 |    238 |   1479 |   5 |  472.4 |
       Dungeon |   2362 |   2336 |     26 |    238 |   1479 |   5 |  472.4 |
               +--------+--------+--------+--------+--------+-----+--------+

Top non-repeatable levels by time:
     D:1: 1341 daAuts
     D:2: 670 daAuts
     D:5: 232 daAuts
     D:4: 111 daAuts
     D:3: 6 daAuts
